 Dungeon Crawl Stone Soup version 0.31-a0-152-g6aa68a64a1 (webtiles) character file.

Game seed: 2008673608313835186

350 qw the Shooter (level 6, 0/38 HPs)
             Began as a Gargoyle Hunter on June 11, 2023.
             Slain by an orc warrior
             ... wielding a +0 short sword
              (9 damage)
             ... on level 4 of the Dungeon.
             The game lasted 00:01:25 (2595 turns).

qw the Shooter (Gargoyle Hunter)                    Turns: 2595, Time: 00:01:26

Health: 0/38       AC:  6    Str: 20    XL:     6   Next: 60%
Magic:  15/15      EV: 11    Int: 10    God:
Gold:   258        SH:  0    Dex: 19    Spells: 5/5 levels left

rFire   . . .        Y - +0 shortbow
rCold   . . .        (shield currently unavailable)
rNeg    + . .        b - +0 ring mail
rPois   inf          i - +0 helmet
rElec   +            (no cloak)
rCorr   .            (no gloves)
SInv    +            (no boots)
Will    .....        (no amulet)
Stlth   ++           l - ring of Maru {MP+9 SInv}
HPRegen 0.26/turn    a - ring "Adeas" {*Corrode Str+6 Dex+4 Stlth+}
MPRegen 0.14/turn

%: corrode self (3%)
@: corroded
A: sickness immunity, AC +4, negative energy resistance 1, electricity
resistance, torment resistance 1, petrification resistance
a: no special abilities


You were on level 4 of the Dungeon.
You visited 1 branch of the dungeon, and saw 4 of its levels.

You collected 258 gold pieces.


Innate Abilities, Weirdness & Mutations

You are immune to sickness and miasma.
Your stone body is resilient. (AC +4)
You are immune to poison.
You resist negative energy. (rN+)
You are resistant to electric shocks. (rElec)
You are resistant to unholy torment.
You are immune to petrification.


   Skills:
 - Level 4.0 Fighting
 + Level 6.9 Ranged Weapons
 - Level 1.2 Armour
 - Level 1.5 Dodging
 - Level 1.1 Stealth


You had 5 spell levels left.
You didn't know any spells.
Your spell library was empty.

Inventory:

Hand Weapons
 Y - a +0 shortbow (weapon)
Armour
 b - a +0 ring mail (worn)
 i - a +0 helmet (worn)
Jewellery
 a - the ring "Adeas" (right hand) {*Corrode Str+6 Dex+4 Stlth+}
   (You acquired it on level 1 of the Dungeon)

   [ring of strength]

   Str:       It affects your strength (+6).
   Dex:       It affects your dexterity (+4).
   *Corrode:  It may corrode you when you take damage.
   Stlth:     It makes you more stealthy.
 c - a ring of willpower
 l - the ring of Maru (left hand) {MP+9 SInv}
   (You acquired it on level 3 of the Dungeon)

   [ring of see invisible]

   MP:        It affects your magic capacity (+9).
   SInv:      It lets you see invisible.
Scrolls
 d - a scroll of identify
 e - a scroll of noise {unknown}
 f - a scroll of enchant armour {unknown}
 n - a scroll of blinking {unknown}
 o - a scroll of immolation {unknown}
Potions
 g - a potion of attraction {unknown}
 h - a potion of mutation {unknown}
 j - 2 potions of degeneration {unknown}
 k - a potion of haste {unknown}
 m - 3 potions of ambrosia {unknown}

Dungeon Overview and Level Annotations

Branches:
Dungeon (4/15)
 Temple: D:4-7

Altars:
Fedhas
Makhleb
Vehumet
Wu Jian
Xom


Message History

The orc barely misses you. The orc priest closely misses you.
The orc warrior hits you with a +0 short sword.
Your corrosive artefact corrodes you!
You shoot an arrow.
The arrow hits the orc warrior but does no damage.
The orc warrior is moderately wounded.
The orc warrior barely misses you. The orc closely misses you.
The orc priest hits you but does no damage.
The orc priest mumbles some strange prayers to Beogh against you.
Beogh smites you!
The orc warrior hits you but does no damage.
The orc barely misses you.
You shoot an arrow.
The arrow hits the orc warrior but does no damage.
The orc warrior is moderately wounded.
The orc hits you with a +0 short sword. The orc priest closely misses you.
The orc warrior hits you but does no damage.
You shoot an arrow.
The arrow hits the orc warrior but does no damage.
The orc warrior is moderately wounded.
The orc hits you with a +0 short sword. The orc priest barely misses you.
The orc warrior barely misses you.
You shoot an arrow.
The arrow closely misses the orc warrior.
The orc closely misses you.
The orc priest invokes the aid of Beogh against you.
Beogh smites you!
The orc warrior hits you with a +0 short sword.
You shoot an arrow. The arrow hits the orc warrior!
The orc warrior is severely wounded.
The orc hits you but does no damage. The orc warrior barely misses you.
The orc priest casts a cantrip, but nothing happens.
You shoot an arrow. The arrow hits the orc warrior.
The orc warrior is severely wounded.
The orc barely misses you. The orc priest barely misses you.
The orc warrior barely misses you.
You shoot an arrow.
The arrow barely misses the orc warrior.
The orc warrior hits you with a +0 short sword!
You die...

### ## #.# .# #
#.#####.#.####
#.....@o......
#.##...oo.....
#.##.##.#(#...
#.##.##.#.#. #
#...........
#.##.##.#.#..
#.##.##.#.#. .#
####.##.##.#.#.....
#.................#


You could see an orc warrior, an orc priest and an orc.

Vanquished Creatures
  An ice beast (D:4)
  An orc priest (D:4)
  A jelly (D:4)
  An orc wizard (D:4)
  Robin (D:3)
  3 adders
  An ufetubus (D:4)
  2 worms
  6 dart slugs
  4 orcs (D:4)
  6 endoplasms
  4 giant cockroaches
  18 goblins
  14 hobgoblins
  3 jackals (D:3)
  2 quokkas
  5 ball pythons
  9 bats
  8 frilled lizards
  13 kobolds
  10 rats
113 creatures vanquished.

Notes
Turn   | Place    | Note
-------+----------+-------------------------------------------
     0 | D:1      | qw the Gargoyle Hunter began the quest for the Orb.
     0 | D:1      | Reached XP level 1. HP: 12/12 MP: 1/1
     0 | D:1      | 0 ||| qw: Version: 0.2-a-29-gdad1ea2
     0 | D:1      | 0 ||| qw: Game counter: 4074
     0 | D:1      | 0 ||| qw: Always use a shield: true
     0 | D:1      | 0 ||| qw: God list: Okawaru
     0 | D:1      | 0 ||| qw: Allow faded altars: false
     0 | D:1      | 0 ||| qw: Do Orc after D:15 true
     0 | D:1      | 0 ||| qw: Do second Lair branch before Depths: true
     0 | D:1      | 0 ||| qw: Lair rune preference: random
     0 | D:1      | 0 ||| qw: Plans: Normal, Zot:1-4, Slime:5, God:TSO, Crypt,
                  | Tomb, Abyss, Pan, Hells, Win
     0 | D:1      | 0 ||| PLANNING D:1-11
    18 | D:1      | 18 ||| DROPPING scroll of butterflies.
    40 | D:1      | Reached XP level 2. HP: 17/17 MP: 2/2
    49 | D:1      | 49 ||| FLEEEEING.
    50 | D:1      | 50 ||| FLEEEEING.
    51 | D:1      | 51 ||| FLEEEEING.
    52 | D:1      | 52 ||| FLEEEEING.
    91 | D:1      | Reached XP level 3. HP: 19/21 MP: 3/3
   100 | D:1      | Reached skill level 5 in Ranged Weapons
   338 | D:1      | 338 ||| READING 2 scrolls labelled QEYMIQ EVEKLOE.
   342 | D:1      | Reached skill level 3 in Fighting
   532 | D:1      | 532 ||| READING 3 scrolls labelled QIDWUQ SECVIU.
   533 | D:1      | 533 ||| READING scroll labelled YREGEUK AKETADGH.
   534 | D:1      | 534 ||| READING scroll labelled MELUNAD IFRO.
   635 | D:1      | 635 ||| READING scroll labelled YSUNYA ACAISK.
   635 | D:1      | Identified a scroll of acquirement
   635 | D:1      | 635 ||| ACQUIRING ring "Adeas" {*Corrode Str+6 Dex+4
                  | Stlth+}
   635 | D:1      | Acquired the ring "Adeas" {*Corrode Str+6 Dex+4 Stlth+}
   637 | D:1      | 637 ||| UPGRADING to ring "Adeas" {*Corrode Str+6 Dex+4
                  | Stlth+}.
   638 | D:1      | 638 ||| READING 2 scrolls of identify.
   638 | D:1      | 638 ||| IDENTIFYING amethyst potion
   639 | D:1      | 639 ||| DROPPING scroll of fog.
   640 | D:1      | 640 ||| DROPPING potion of brilliance.
   688 | D:2      | Reached XP level 4. HP: 28/28 MP: 4/4
  1245 | D:2      | Identified the +6 chain mail "Fipnanav" {Will+ Stlth+}
  1256 | D:2      | 1256 ||| UPGRADING to +0 ring mail.
  1266 | D:2      | 1266 ||| DROPPING +0 leather armour.
  1267 | D:2      | 1267 ||| UPGRADING to ring of willpower.
  1335 | D:3      | Reached XP level 5. HP: 32/32 MP: 5/5
  1343 | D:3      | Reached skill level 1 in Armour
  1594 | D:3      | Noticed Robin
  1612 | D:3      | Killed Robin
  1613 | D:3      | Reached skill level 6 in Ranged Weapons
  1878 | D:3      | 1878 ||| READING scroll of acquirement.
  1878 | D:3      | 1878 ||| ACQUIRING ring of Maru {MP+9 SInv}
  1878 | D:3      | Acquired the ring of Maru {MP+9 SInv}
  1880 | D:3      | 1880 ||| UPGRADING to ring of Maru {MP+9 SInv}.
  2004 | D:3      | Found a shimmering altar of Xom.
  2005 | D:3      | Found a blossoming altar of Fedhas.
  2033 | D:3      | Found a radiant altar of Vehumet.
  2035 | D:3      | Found an ornate altar of the Wu Jian Council.
  2035 | D:3      | Found a burning altar of Makhleb.
  2042 | D:3      | 2042 ||| UPGRADING to +0 helmet.
  2047 | D:3      | 2047 ||| UPGRADING to ring "Adeas" {*Corrode Str+6 Dex+4
                  | Stlth+}.
  2049 | D:3      | 2049 ||| READING scroll labelled HOZYDW TY ABI.
  2050 | D:3      | 2050 ||| DRINKING 2 fizzy ruby potions.
  2155 | D:3      | 2155 ||| DROPPING potion of berserk rage.
  2235 | D:4      | 2235 ||| Stepping ~*~*~tactically~*~*~ (outnumbered).
  2237 | D:4      | 2237 ||| Stepping ~*~*~tactically~*~*~ (outnumbered).
  2239 | D:4      | 2239 ||| Stepping ~*~*~tactically~*~*~ (outnumbered).
  2241 | D:4      | 2241 ||| Stepping ~*~*~tactically~*~*~ (outnumbered).
  2243 | D:4      | 2243 ||| Stepping ~*~*~tactically~*~*~ (outnumbered).
  2245 | D:4      | 2245 ||| Stepping ~*~*~tactically~*~*~ (outnumbered).
  2310 | D:4      | Noticed an ice beast
  2320 | D:4      | Killed an ice beast
  2321 | D:4      | Reached XP level 6. HP: 38/38 MP: 6/6
  2575 | D:4      | Noticed an orc warrior
  2592 | D:4      | HP: 8/38 [orc warrior/+0 short sword (3)]
  2595 | D:4      | Slain by an orc warrior

Levels and vault maps discovered:
D:1:      beargit_arrival_greenhouse, layout_rooms, lexackson_kobold_supper
D:2:      minmay_spotlight, layout_loops_ring
D:3:      layout_loops_ring, minitemple, uniq_robin
D:4:      layout_basic, hangedman_decor_push, minivault_14, uniq_natasha

Skill      XL: |  1  2  3  4  5 |
---------------+----------------+-----
Ranged Weapons | 5 6 |  6.9
Fighting       | 3 4 |  4.0
Armour         | 1 |  1.2
Dodging        | |  1.5
Stealth        | |  1.1

Action                     |  1- 3 |  4- 6 || total
---------------------------+-------+-------++-------
   Fire: Shortbow          |   108 |   234 ||   342
    Use: Scroll            |     6 |     2 ||     8
         Potion            |       |     1 ||     1
 Armour: Leather armour    |    16 |     4 ||    20
         Ring mail         |       |    49 ||    49
  Dodge: Dodged            |    36 |    85 ||   121

Table legend:
 A = Non-vault XP
 B = Vault XP
 C = Vault XP percentage of total XP
 D = Non-vault monster count
 E = Vault monster count
 F = Vault count percentage of total count
                 A         B        C        D         E       F
            +---------+---------+-------+---------+---------+-------
      Total |     448 |      52 |  10.4 |      90 |      23 |  20.4
            +---------+---------+-------+---------+---------+-------
        D:1 |      62 |      11 |  15.1 |      34 |       8 |  19.0
        D:2 |      76 |       6 |   7.3 |      27 |       3 |  10.0
        D:3 |      39 |      35 |  47.3 |      15 |      12 |  44.4
        D:4 |     271 |       0 |   0.0 |      14 |       0 |   0.0
            +---------+---------+-------+---------+---------+-------
